 Dungeon Crawl Stone Soup version 0.31-a0-986-g5e6e4ef867 (webtiles) character file.

Game seed: 14854022305561779608

136346 Xavori the Carver (level 17, 0/184 HPs)
             Began as a Djinni Chaos Knight on Nov 7, 2023.
             Was a Plaything of Xom.
             Slain by a salamander tyrant (8 damage)
             ... on level 3 of the Snake Pit.
             The game lasted 00:42:38 (24123 turns).

Xavori the Carver (Djinni Chaos Knight)            Turns: 24123, Time: 00:42:39

Health: 0/184      AC: 21    Str: 12    XL:     17   Next: 80%
Gold:   1163       EV: 26    Int: 13    God:    Xom [.*....] SH: 21 Dex: 30

rFire   + + .        O - +11 Singing Sword {sonic wave}
rCold   + + +        D - +1 kite shield {rC+}
rNeg    . . .        Q - +0 ring mail of Lilacs {rC+ Str+3 Dex+7}
rPois   ∞            (helmet unavailable)
rElec   .            k - +2 cloak of Ykoig {+Inv rPois rF- rC+++ Str-5}
rCorr   .            (no gloves)
SInv    .            (boots unavailable)
Will    ++...        R - amulet of reflection
Stlth   x              - +4 ring of protection
HPRegen 0.50/turn    o - +5 ring of evasion
MPRegen 0.00/turn

%: reflection, infuse magic (-1 HP)
@: berserking (expiring), weakened, flying, very quick
A: sickness immunity, fire resistance 3, cold vulnerability 1, float, innate
caster, HP casting, extra vitality 1, horns 3, iridescent scales 3, agile 1,
strong-willed 1, screaming 1, strong 1, subdued magic 1
a: Renounce Religion, Evoke Invisibility


You were on level 3 of the Snake Pit.
You worshipped Xom.
You were a plaything of Xom.
You visited 4 branches of the dungeon, and saw 22 of its levels.
You also visited: Ossuary and Gauntlet.

You collected 3778 gold pieces.
You spent 2615 gold pieces at shops.

Inventory:

Hand Weapons
 O - the +11 Singing Sword (weapon) {sonic wave}
   (You took it off an orc on level 7 of the Dungeon)
Missiles
 g - 7 throwing nets
Armour
 k - the +2 cloak of Ykoig (worn) {+Inv rPois rF- rC+++ Str-5}
   (You found it in a Gauntlet)

   Str-5:     It affects your strength (-5).
   rF-:       It makes you vulnerable to fire.
   rC+++:     It renders you almost immune to cold.
   rPois:     It protects you from poison +Inv: It lets you turn invisible.
 D - a +1 kite shield of cold resistance (worn)
 Q - the +0 ring mail of Lilacs (worn) {rC+ Str+3 Dex+7}
   (You found it in a Gauntlet)

   Str+3:     It affects your strength (+3).
   Dex+7:     It affects your dexterity (+7).
   rC+:       It protects you from cold.
 S - a +2 helmet
Jewellery
 o - a +5 ring of evasion (right hand)
 u - the amulet of Vitality {RegenMP++ Regen++}
   (You bought it in a shop on level 2 of the Orcish Mines)

   [amulet of magic regeneration]

   RegenMP:   It increases your rate of magic regeneration.
   Regen++:   It increases your rate of health regeneration.
 x - a +4 ring of protection (left hand)
 B - a ring of resist corrosion
 R - an amulet of reflection (around neck)
 Y - a ring of protection from cold
Talismans
 l - a talisman of death
Wands
 a - a wand of charming (19)
 n - a wand of digging (6)
 s - a wand of roots (58)
 L - a wand of quicksilver (17)
 W - a wand of flame (5)
 Z - a wand of polymorph (11)
Scrolls
 b - 2 scrolls of fog
 c - a scroll of butterflies
 d - 4 scrolls of enchant armour
 h - 10 scrolls of poison
 i - 7 scrolls of noise {unknown}
 j - 10 scrolls of teleportation
 q - 2 scrolls of brand weapon
 r - 9 scrolls of enchant weapon
 y - a scroll of silence
 C - a scroll of summoning {unknown}
 G - 2 scrolls of immolation {unknown}
 M - a scroll of revelation
 T - a scroll of blinking
 X - a scroll of torment {unknown}
Potions
 e - a potion of invisibility
 m - 3 potions of might
 p - 5 potions of enlightenment
 t - 2 potions of lignification {unknown}
 v - 5 potions of magic {unknown}
 w - 4 potions of brilliance
 z - 2 potions of cancellation {unknown}
 A - 4 potions of mutation {unknown}
 E - 6 potions of attraction
 F - a potion of ambrosia {unknown}
 H - 3 potions of heal wounds {unknown}
 I - 16 potions of curing
 J - 3 potions of haste {unknown}
 K - 3 potions of berserk rage
 U - a potion of experience {unknown}
 V - 3 potions of resistance {unknown}
Miscellaneous
 N - a lightning rod (4/4)
 P - a phantom mirror


   Skills:
 + Level 11.8 Fighting
 + Level 13.3 Long Blades
 + Level 11.4 Armour
 + Level 12.6 Dodging
 + Level 10.4 Shields
 * Level 10.4 Spellcasting
 * Level 10.4 Conjurations
 * Level 10.4 Hexes
 * Level 10.4 Summonings
 * Level 10.4 Necromancy
 * Level 10.4 Translocations
 * Level 10.4 Transmutations
 * Level 10.4 Fire Magic
 * Level 10.4 Ice Magic
 * Level 10.4 Air Magic
 * Level 10.4 Earth Magic
 * Level 10.4 Poison Magic
 - Level 3.3 Evocations
 * Level 7.4 Shapeshifting


You knew the following spells:

 Your Spells              Type           Power      Damage    Failure   Level
a - Foxfire               Conj/Fire      100%       2x1d9     1%          1
b - Poisonous Vapours     Pois/Air       52%        N/A       1%          2
c - Jinxbite              Hex            52%        N/A       1%          2
d - Inner Flame           Hex/Fire       26%        N/A       1%          3
e - Animate Dead          Necr           26%        N/A       5%          4
f - Arcjolt               Conj/Air       13%        1d23      16%         5
g - Death Channel         Necr           13%        N/A       67%         6
h - Malign Gateway        Summ/Tloc      13%        N/A       99%         7
Your spell library was empty.

Dungeon Overview and Level Annotations

Branches:
Dungeon (11/15)            Temple (0/1) D:4            Lair (5/5) D:10
  Swamp (0/4) Lair:2        Snake (4/4) Lair:2        Slime (0/5) Lair:5
    Orc (2/2) D:11            Elf (0/3) Orc:2       Ossuary (visited)
Gauntlet (visited)

Altars:
Elyvilon
Fedhas
Nemelex Xobeh
Qazlal
Xom
Yredelemnul
Jiyva
Lugonu

Shops:
D:8 (   D:11 *   Orc:2 :=(?=*?(   Snake:1 ::=**

Portals:
Abyss: D:3

Annotations:
Lair:5 exclusion: 4 oklob plants


Innate Abilities, Weirdness & Mutations

You are immune to sickness and miasma.
You are immune to poison.
Your flesh is almost immune to the effects of heat. (rF+++)
You are vulnerable to cold. (rC-)
You float through the air rather than walking.
You learn spells naturally, not from books.
Your magical power is your life essence.
You have superior vitality. (+4 MHP)
You have a pair of large horns on your head.
You are completely covered in iridescent scales. (AC +6)
You are agile. (Dex +4, Str/Int -1)
You are strong-willed. (Will+)
You occasionally shout uncontrollably at your foes.
Your muscles are strong. (Str +4, Int/Dex -1)
Your spells are a little easier to cast, but a little less powerful.


Message History

You slice the shock serpent!!
The Screaming Sword clamours, "KILL, HATE, MUTILATE!"
You send a blast of sound all around you.
The salamander tyrant is moderately wounded.
You kill the salamander mystic!
The salamander is severely wounded. x2
The salamander is heavily wounded.
The shock serpent is almost dead.
The naga sharpshooter is moderately wounded.
You kill your butterfly!
Your butterfly disappears in a puff of smoke!
You kill your butterfly!
Your butterfly disappears in a puff of smoke!
You kill your butterfly!
Your butterfly disappears in a puff of smoke!
Your headbutt misses the shock serpent.
The shock serpent is almost dead.
The shock serpent's electric aura discharges, shocking you!
* * * LOW HITPOINT WARNING * * *
You hear a shout!
You block the salamander's attack. You block the shock serpent's attack.
The salamander hits you but does no damage.
The salamander hits you from afar with a +3 spear.
* * * LOW HITPOINT WARNING * * *
You are engulfed in flames.
You resist.
* * * LOW HITPOINT WARNING * * *
You block the shock serpent's attack. You block the salamander's attack.
You block the salamander tyrant's attack.
The naga sharpshooter shoots a bolt.
The bolt completely misses you.
The bolt hits the shock serpent!
The shock serpent dies!
You fly upwards.
You feel a strong urge to attack something.
There is a stone staircase leading down here.
You slash the salamander tyrant! You headbutt the salamander tyrant!
The salamander tyrant is severely wounded.
The salamander tyrant hits you.
* * * LOW HITPOINT WARNING * * *
You are engulfed in flames!
You resist.
You die...

.............###.###.##.## #....
............###......#### ##....
...........###.........# ##.####
...#........#........).## #.## #
#.#########.............###.###
..##### ##............##.....###
#.....####............####.......
#.####.........N......# #.......
#.# #####......@.....# #......#
..# #.#.......##.# ###..#.## .##
#.###....###.###..##..## .#
###########..##.######..
.##########..#####......## ##.
.........#........####.## #.
...............?..## ##.#### #.
...........#.......# #.##.## ##.
...........#.......# ###...###..


You could see a salamander tyrant.

Vanquished Creatures
  Kirke (Snake:1)
  A minotaur (Gauntlet)
  An ettin (Orc:1)
  Harold (Orc:1)
  A catoblepas (Gauntlet)
  8 hydras
  A salamander tyrant (Snake:3)
  11 anacondas
  Erica (D:8)
  3 boulder beetles
  4 two-headed ogres
  6 naga warriors
  3 orc high priests (Orc:2)
  7 death yaks
  4 shock serpents
  10 naga sharpshooters
  4 salamander mystics
  4 skysharks
  3 sea snakes
  A harpy (Lair:5)
  A lindwurm (Lair:4)
  4 orc knights (Orc:2)
  A naga ritualist (Snake:2)
  A deep elf pyromancer (D:7)
  8 salamanders
  5 orc sorcerers (Orc:2)
  2 manticores
  4 mana vipers
  20 elephants
  An oklob plant (Gauntlet)
  A cyclops (D:11)
  Joseph (D:7)
  2 guardian serpents
  48 black mambas
  Maurice (D:8)
  16 cane toads
  13 naga magi
  A torpor snail (Lair:1)
  3 gargoyles
  An unseen horror (D:11)
  A rime drake (D:10)
  An unseen horror (shapeshifter) (Snake:2)
  20 komodo dragons
  Jeremiah (D:8)
  An efreet (Gauntlet)
  A kobold demonologist (D:9)
  5 trolls
  7 polar bears
  18 blink frogs
  A hornet (Lair:5)
  A wind drake (Lair:5)
  2 snapping turtles (Lair:5)
  5 slime creatures
  A dream sheep (Lair:2)
  60 yaks
  7 wyverns
  3 fire elementals (Gauntlet)
  2 humans (Snake:1)
  5 basilisks
  3 hogs (Snake:1)
  A redback (Lair:5)
  5 vampire mosquitoes
  2 steam dragons
  29 nagas
  A warg (Orc:2)
  3 hell hounds (Gauntlet)
  3 acid dragons
  A water moccasin (shapeshifter) (Lair:5)
  18 water moccasins
  2 sky beasts (D:7)
  6 ice beasts
  14 orc warriors
  A boggart (Lair:2)
  6 ogres
  A black bear (Lair:2)
  15 wolves
  3 centaurs
  2 phantoms
  A kobold brigand (D:5)
  15 bullfrogs
  2 gnoll sergeants
  4 scorpions
  3 wights (D:8)
  3 electric eels (Lair:4)
  6 howler monkeys
  6 hounds
  13 orc priests
  Crazy Yiuf (D:5)
  A jelly (D:8)
  4 sleepcaps
  6 iguanas
  21 orc wizards
  3 hell rats (Lair:3)
  8 mummies (Ossuary)
  14 gnolls
  3 adders
  5 river rats (Lair:3)
  3 white imps
  2 ufetubi (D:7)
  3 worms
  6 dart slugs
  54 orcs
  7 endoplasms
  2 giant cockroaches
  2 gnoll zombies (Ossuary)
  4 goblins
  6 hobgoblins
  5 jackals (D:1)
  4 quokkas
  6 ball pythons
  6 bats
  3 frilled lizards
  2 hobgoblin zombies (Ossuary)
  6 kobolds
  A kobold zombie (Ossuary)
  3 orc zombies (Ossuary)
  17 rats
  A lurking horror (D:3)
729 creatures vanquished.

Vanquished Creatures (collateral kills)
  A steam dragon (D:5)
  2 nagas (Snake:1)
  An orc priest (D:6)
4 creatures vanquished.

Vanquished Creatures (others)
  A shock serpent (Snake:4)
  A yak (Lair:2)
  A water moccasin (Lair:2)
  An orc warrior (Orc:2)
  A bat (D:3)
  A jackal zombie (D:1)
  A kobold zombie (D:5)
  A lurking horror (D:3)
8 creatures vanquished.

Grand Total: 741 creatures vanquished

Notes
Turn   | Place    | Note
-------+----------+-------------------------------------------
     0 | D:1      | Xavori the Djinni Chaos Knight began the quest for the Orb.
     0 | D:1      | Reached XP level 1. HP: 20/20 MP: 0/0
    21 | D:1      | Found a faded altar of an unknown god.
    66 | D:1      | Reached XP level 2. HP: 25/25 MP: 0/0
   183 | D:1      | Reached XP level 3. HP: 28/30 MP: 0/0
   183 | D:1      | Learned a level 1 spell: Foxfire
   213 | D:1      | XOM: silly message
   298 | D:1      | XOM: draining
  1308 | D:1      | XOM: scenery: create altars
  1782 | D:1      | XOM: summons 2 hostile demons
  2426 | D:1      | XOM: divination: detect items
  3304 | D:1      | XOM: god gift: falchion {god gift}
  3320 | D:1      | XOM: give mutations
  3320 | D:1      | Gained mutation: You are robust. (+10% HP) [Xom's grace]
  3320 | D:1      | Gained mutation: You passively dampen the noise of your
                  | surroundings. [Xom's grace]
  3413 | D:1      | XOM: give mutations
  3413 | D:1      | Gained mutation: Your flesh is almost immune to the effects
                  | of heat. (rF+++) [Xom's grace]
  3413 | D:1      | Gained mutation: You possess an exceptional clarity of
                  | mind. [Xom's grace]
  3413 | D:1      | Gained mutation: You have a pair of small horns on your
                  | head. [Xom's grace]
  3582 | D:1      | XOM: give mutation
  3582 | D:1      | Gained mutation: You are agile. (Dex +4, Str/Int -1) [Xom's
                  | grace]
  3803 | D:2      | Reached skill level 3 in Long Blades
  3803 | D:2      | Reached skill level 1 in Spellcasting
  3803 | D:2      | Reached skill level 1 in Conjurations
  3803 | D:2      | Reached skill level 1 in Hexes
  3803 | D:2      | Reached skill level 1 in Summonings
  3803 | D:2      | Reached skill level 1 in Necromancy
  3803 | D:2      | Reached skill level 1 in Translocations
  3803 | D:2      | Reached skill level 1 in Transmutations
  3803 | D:2      | Reached skill level 1 in Fire Magic
  3803 | D:2      | Reached skill level 1 in Ice Magic
  3803 | D:2      | Reached skill level 1 in Air Magic
  3803 | D:2      | Reached skill level 1 in Earth Magic
  3803 | D:2      | Reached skill level 1 in Poison Magic
  4031 | D:2      | Reached XP level 4. HP: 35/35 MP: 0/0
  4202 | D:2      | XOM: give mutations
  4202 | D:2      | Gained mutation: Your movements are slightly less
                  | encumbered by armour. (ER -2) [Xom's grace]
  4202 | D:2      | Gained mutation: You are partially covered in large bone
                  | plates. (SH +4) [Xom's grace]
  4202 | D:2      | Gained mutation: You are strong-willed. (Will+) [Xom's
                  | grace]
  4690 | D:3      | Reached XP level 5. HP: 44/44 MP: 0/0
  4690 | D:3      | Learned a level 2 spell: Poisonous Vapours
  4703 | D:3      | Found a corrupted altar of Lugonu.
  4783 | D:3      | Found a one-way gate to the infinite horrors of the Abyss.
  4785 | D:3      | XOM: butterfly on damage
  4940 | D:3      | Noticed a steam dragon
  4993 | D:3      | Killed a steam dragon
  4994 | D:3      | Reached XP level 6. HP: 46/51 MP: 0/0
  5031 | D:3      | XOM: cloud trail
  5218 | D:4      | Found a staircase to the Ecumenical Temple.
  5272 | D:4      | XOM: give mutation
  5272 | D:4      | Gained mutation: You have a pair of horns on your head.
                  | [Xom's grace]
  5464 | D:4      | Reached skill level 4 in Long Blades
  5464 | D:4      | Reached XP level 7. HP: 58/58 MP: 0/0
  5464 | D:4      | Learned a level 2 spell: Jinxbite
  5629 | D:5      | Entered Level 5 of the Dungeon
  5721 | D:5      | Reached skill level 1 in Evocations
  5728 | D:5      | XOM: potion effect (invisibility)
  5880 | D:5      | Reached XP level 8. HP: 63/63 MP: 0/0
  5921 | D:5      | Noticed Eustachio
  5928 | D:5      | Eustachio changed into Eustachio the steam dragon
  5928 | D:5      | Noticed Eustachio
  5928 | D:5      | XOM: polymorph Eustachio -> Eustachio the steam dragon
  5929 | D:5      | XOM: cast spell 'Summon Ice Beast'
  5934 | D:5      | Killed Eustachio the steam dragon
  5935 | D:5      | Reached skill level 5 in Fighting
  6052 | D:5      | Found a runed translucent door.
  6053 | D:5      | Noticed Crazy Yiuf
  6115 | D:5      | Reached skill level 5 in Dodging
  6380 | D:5      | Found a sparkling altar of Nemelex Xobeh.
  6423 | D:5      | Killed Crazy Yiuf
  6483 | D:6      | Noticed a troll
  6500 | D:6      | Killed a troll
  6564 | D:6      | Reached XP level 9. HP: 70/71 MP: 0/0
  6564 | D:6      | Learned a level 3 spell: Inner Flame
  6575 | D:6      | XOM: confuse monster(s)
  6576 | D:6      | Reached skill level 5 in Long Blades
  6585 | D:6      | Found a sand-covered staircase.
  6602 | Ossuary  | Entered an ossuary
  6623 | Ossuary  | XOM: fog
  6637 | Ossuary  | Reached skill level 1 in Shields
  6962 | D:6      | Found a shimmering altar of Xom.
  6963 | D:6      | XOM: cloud trail
  6964 | D:6      | Found a shimmering altar of Xom.
  6965 | D:6      | Found a shimmering altar of Xom.
  6985 | D:6      | XOM: summons friendly iron imp
  7022 | D:6      | XOM: give mutations
  7022 | D:6      | Gained mutation: You have a pair of large horns on your
                  | head. [Xom's grace]
  7022 | D:6      | Gained mutation: Your muscles are strong. (Str +4, Int/Dex
                  | -1) [Xom's grace]
  7057 | D:6      | XOM: cloud trail
  7176 | D:6      | XOM: torment (37/72 hp)
  7336 | D:6      | Identified the +6 dagger "Tiuggumn" {spect, rPois rC+
                  | Dex+3}
  7472 | D:6      | XOM: summons 1 hostile demon
  7478 | D:6      | XOM: polymorph quasit -> cerulean imp
  7513 | D:6      | XOM: cloud trail
  7533 | D:7      | Identified the "Raejydd"
  7577 | D:7      | Noticed Joseph
  7584 | D:7      | Killed Joseph
  7585 | D:7      | Reached skill level 5 in Armour
  7614 | D:7      | Noticed a gargoyle
  7625 | D:7      | Killed a gargoyle
  7626 | D:7      | Reached XP level 10. HP: 45/79 MP: 0/0
  7635 | D:7      | XOM: noise
  7737 | D:7      | Noticed a manticore
  7779 | D:6      | XOM: give mutations
  7779 | D:6      | Lost mutation: You passively dampen the noise of your
                  | surroundings. [Xom's mischief]
  7779 | D:6      | Lost mutation: You are partially covered in large bone
                  | plates. (SH +4) [Xom's mischief]
  7779 | D:6      | Gained mutation: You occasionally shout uncontrollably at
                  | your foes. [Xom's mischief]
  7987 | D:7      | Killed a manticore
  8024 | D:7      | Noticed a komodo dragon
  8033 | D:7      | XOM: butterfly on damage
  8034 | D:7      | Killed a komodo dragon
  8035 | D:7      | Reached skill level 6 in Long Blades
  8195 | D:7      | XOM: polymorph bullfrog -> sky beast
  8262 | D:7      | XOM: stat loss: -1 Dex (19/20)
  8301 | D:7      | XOM: enchant monster (bad)
  8341 | D:7      | XOM: 2-stop teleportation journey
  8342 | D:7      | Identified the +1 war axe of Dodya {freeze, rF+}
  8342 | D:7      | Noticed a deep elf pyromancer
  8351 | D:7      | Killed a deep elf pyromancer
  8528 | D:7      | Found a stormy altar of Qazlal.
  8534 | D:7      | Found a basalt altar of Yredelemnul.
  8554 | D:7      | Found a white marble altar of Elyvilon.
  8751 | D:7      | XOM: summons 3 hostile shadow creatures
  8769 | D:7      | Reached skill level 5 in Spellcasting
  8769 | D:7      | Reached skill level 5 in Conjurations
  8769 | D:7      | Reached skill level 5 in Hexes
  8769 | D:7      | Reached skill level 5 in Summonings
  8769 | D:7      | Reached skill level 5 in Necromancy
  8769 | D:7      | Reached skill level 5 in Translocations
  8769 | D:7      | Reached skill level 5 in Transmutations
  8769 | D:7      | Reached skill level 5 in Fire Magic
  8769 | D:7      | Reached skill level 5 in Ice Magic
  8769 | D:7      | Reached skill level 5 in Air Magic
  8769 | D:7      | Reached skill level 5 in Earth Magic
  8769 | D:7      | Reached skill level 5 in Poison Magic
  8975 | D:8      | Noticed Jeremiah
  8975 | D:8      | Noticed a two-headed ogre
  8980 | D:8      | Killed a two-headed ogre
  8981 | D:8      | Reached XP level 11. HP: 86/86 MP: 0/0
  8981 | D:8      | Learned a level 4 spell: Animate Dead
  8989 | D:8      | Noticed a two-headed ogre
  9104 | D:7      | XOM: scenery: create altars
  9157 | D:8      | Noticed a two-headed ogre
  9162 | D:8      | Killed a two-headed ogre
  9206 | D:8      | Found Ozisuhau's Weapon Shoppe.
  9272 | D:8      | Found a blossoming altar of Fedhas.
  9336 | D:8      | Noticed Maurice
  9348 | D:8      | Something stole a ring of protection from cold
  9355 | D:8      | Something stole a phantom mirror
  9357 | D:8      | Killed Maurice
  9586 | D:8      | XOM: scenery: create altars
  9804 | D:8      | XOM: potion effect (berserk rage)
  9807 | D:8      | XOM: scenery: summon butterflies
  9813 | D:8      | Killed Jeremiah
  9977 | D:8      | Noticed Erica
  9984 | D:8      | Killed Erica
  9985 | D:8      | Reached skill level 7 in Long Blades
  9995 | D:8      | Killed a two-headed ogre
  9996 | D:8      | Reached skill level 5 in Shields
 10306 | D:9      | You are sucked into a shaft and drop 2 floors!
 10429 | D:10     | Entered Level 10 of the Dungeon
 10609 | D:10     | XOM: potion effect (curing)
 10658 | D:10     | Reached XP level 12. HP: 94/94 MP: 0/0
 10663 | D:10     | Found a staircase to the Lair.
 10881 | D:10     | XOM: potion effect (experience)
 10881 | D:10     | Reached skill level 8 in Long Blades
 10881 | D:10     | Reached XP level 13. HP: 95/102 MP: 0/0
 10881 | D:10     | Learned a level 5 spell: Arcjolt
 10972 | D:10     | XOM: scenery: 1 doors open
 11164 | D:10     | XOM: silly message
 11293 | D:9      | XOM: 3-stop teleportation journey
 11351 | D:9      | XOM: cloud trail
 11387 | D:9      | XOM: 3-stop teleportation journey
 11779 | D:9      | XOM: noise
 12278 | D:9      | XOM: give mutations
 12278 | D:9      | Lost mutation: Your muscles are strong. (Str +4, Int/Dex
                  | -1) [Xom's mischief]
 12278 | D:9      | Lost mutation: You possess an exceptional clarity of mind.
                  | [Xom's mischief]
 12278 | D:9      | Lost mutation: Your movements are slightly less encumbered
                  | by armour. (ER -2) [Xom's mischief]
 12388 | Lair:1   | Entered Level 1 of the Lair of Beasts
 12408 | Lair:1   | Reached skill level 9 in Long Blades
 12494 | Lair:1   | XOM: 3-stop teleportation journey
 12622 | Lair:1   | XOM: 1-stop teleportation journey
 12749 | Lair:1   | XOM: confusion (+ monsters)
 13198 | Lair:1   | XOM: give mutations
 13198 | Lair:1   | Gained mutation: You are weak. (Str -2) [Xom's mischief]
 13198 | Lair:1   | Lost mutation: You are weak. (Str -2) [Xom's mischief]
 13198 | Lair:1   | Gained mutation: You sometimes lose your temper in combat.
                  | [Xom's mischief]
 13198 | Lair:1   | Gained mutation: Your spells are a little easier to cast,
                  | but a little less powerful. [Xom's mischief]
 13485 | Lair:2   | XOM: summons 4 friendly demons
 13556 | Lair:2   | Found a staircase to the Snake Pit.
 13561 | Lair:2   | XOM: destruction
 13642 | Lair:2   | XOM: god gift: 4 atropa-tipped darts
 13831 | Lair:2   | Reached skill level 10 in Long Blades
 13831 | Lair:2   | Reached XP level 14. HP: 111/111 MP: 0/0
 13870 | Lair:2   | XOM: polymorph wyvern -> boggart
 13877 | Lair:2   | XOM: smoke on damage
 13943 | Lair:2   | XOM: 1-stop teleportation journey
 13983 | Lair:2   | Found a staircase to the Swamp.
 14096 | Lair:2   | Reached skill level 10 in Dodging
 14129 | Lair:2   | XOM: give mutations
 14129 | Lair:2   | Gained mutation: You are partially covered in large bone
                  | plates. (SH +4) [Xom's grace]
 14129 | Lair:2   | Gained mutation: You are partially covered in iridescent
                  | scales. (AC +2) [Xom's grace]
 14129 | Lair:2   | Lost mutation: You sometimes lose your temper in combat.
                  | [Xom's grace]
 14129 | Lair:2   | Gained mutation: You are mostly covered in iridescent
                  | scales. (AC +4) [Xom's grace]
 14471 | Lair:2   | XOM: scenery: summon butterflies
 14531 | Lair:2   | XOM: scenery: 3 doors close
 14963 | Lair:2   | XOM: divination: magic mapping
 15059 | Lair:2   | Identified a scroll of acquirement
 15060 | Lair:2   | Identified the "Unuskyst" (You acquired it on level 2 of
                  | the Lair of Beasts)
 15060 | Lair:2   | Acquired 384 gold pieces
 15152 | Lair:3   | XOM: silly message
 15182 | Lair:3   | XOM: chaos cloud
 15184 | Lair:3   | Paralysed by you for 2 turns
 15188 | Lair:3   | XOM: cast spell 'Leda's Liquefaction'
 15199 | Lair:3   | XOM: summons friendly white imp
 15375 | Lair:3   | XOM: cleaving
 15384 | Lair:3   | Reached skill level 10 in Fighting
 15648 | Lair:3   | Reached skill level 11 in Long Blades
 15662 | Lair:3   | You are sucked into a shaft and drop 2 floors!
 15662 | Lair:5   | Entered Level 5 of the Lair of Beasts
 15662 | Lair:5   | Found a viscous altar of Jiyva.
 15662 | Lair:5   | Found a staircase to the Slime Pits.
 15672 | Lair:5   | XOM: 9-stop teleportation journey
 15693 | Lair:5   | Reached skill level 1 in Shapeshifting
 15728 | Lair:5   | Reached XP level 15. HP: 70/117 MP: 0/0
 15728 | Lair:5   | Learned a level 6 spell: Death Channel
 15813 | Lair:5   | XOM: summons 7 friendly demons
 15824 | Lair:5   | Found a gate leading to a gauntlet.
 15831 | Lair:5   | XOM: polymorph elephant -> redback
 15833 | Gauntlet | Entered a Gauntlet
 15833 | Gauntlet | Found a transporter.
 15893 | Gauntlet | Found a transporter.
 15908 | Gauntlet | Found a transporter.
 15910 | Gauntlet | Found a large runed translucent door.
 15911 | Gauntlet | Found a large runed translucent door.
 15912 | Gauntlet | Found a large runed translucent door.
 15912 | Gauntlet | Found a large runed translucent door.
 15912 | Gauntlet | Found a runed translucent door.
 15913 | Gauntlet | Found a transporter.
 15914 | Gauntlet | Found a runed translucent door.
 15915 | Gauntlet | Found a large runed translucent door.
 15915 | Gauntlet | Found a large runed translucent door.
 15916 | Gauntlet | Found a large runed translucent door.
 15917 | Gauntlet | Found a large runed translucent door.
 15923 | Gauntlet | Found a large runed translucent door.
 15923 | Gauntlet | Found a large runed translucent door.
 15924 | Gauntlet | Found a large runed translucent door.
 15924 | Gauntlet | Found a large runed translucent door.
 15925 | Gauntlet | Found a large runed translucent door.
 15925 | Gauntlet | Found a large runed translucent door.
 15926 | Gauntlet | Found a runed translucent gate.
 15926 | Gauntlet | Found a runed translucent gate.
 15926 | Gauntlet | Found a runed translucent gate.
 15928 | Gauntlet | Found a transporter.
 15934 | Gauntlet | XOM: silly message
 15938 | Gauntlet | Found a large runed translucent door.
 15939 | Gauntlet | Found a large runed translucent door.
 15947 | Gauntlet | Found a transporter.
 15959 | Gauntlet | Found a transporter.
 15979 | Gauntlet | Found a transporter.
 15987 | Gauntlet | Found a transporter.
 15996 | Gauntlet | Found a transporter.
 16008 | Gauntlet | Found a transporter.
 16025 | Gauntlet | Found a transporter.
 16043 | Gauntlet | Found a transporter.
 16045 | Gauntlet | Found a transporter.
 16072 | Gauntlet | Found a transporter.
 16072 | Gauntlet | Found a transporter.
 16092 | Gauntlet | Found a transporter.
 16094 | Gauntlet | Found a transporter.
 16198 | Gauntlet | XOM: divination: detect creatures
 16336 | Gauntlet | XOM: cast spell 'Summon Hydra'
 16407 | Gauntlet | Identified the +2 cloak of Ykoig {+Inv rPois rF- rC+++
                  | Str-5}
 16482 | Gauntlet | Identified the +0 ring mail of Lilacs {rC+ Str+3 Dex+7}
 16489 | Lair:5   | XOM: 1-stop teleportation journey
 16497 | Lair:4   | XOM: noise
 16514 | Lair:4   | XOM: confuse monster(s)
 16807 | Lair:4   | XOM: cloud trail
 16837 | Lair:4   | Acquired 613 gold pieces
 17069 | Lair:4   | XOM: divination: detect creatures
 17072 | Lair:4   | XOM: confuse monster(s)
 17074 | Lair:4   | XOM: confuse monster(s)
 17079 | Lair:4   | XOM: noise
 17180 | Lair:4   | Reached skill level 10 in Armour
 17976 | Lair:4   | XOM: give mutations
 17976 | Lair:4   | Gained mutation: You are completely covered in iridescent
                  | scales. (AC +6) [Xom's grace]
 17976 | Lair:4   | Gained mutation: Your muscles are strong. (Str +4, Int/Dex
                  | -1) [Xom's grace]
 17996 | Lair:5   | XOM: confuse monster(s)
 18023 | Lair:5   | XOM: confusion (+ monsters)
 18024 | Lair:5   | XOM: confuse monster(s)
 18027 | Lair:5   | XOM: polymorph merfolk avatar -> ice dragon
 18032 | Lair:5   | XOM: polymorph ice dragon -> eight-headed hydra
 18038 | Lair:5   | XOM: enchant monster (good)
 18068 | Lair:4   | XOM: cloud trail
 18243 | Lair:5   | XOM: divination: detect items
 18248 | Lair:5   | XOM: confuse monster(s)
 18384 | Lair:5   | Reached skill level 12 in Long Blades
 18448 | Lair:5   | Reached XP level 16. HP: 126/126 MP: 0/0
 18653 | Lair:5   | XOM: polymorph five-headed hydra -> shapeshifter
 19015 | D:11     | Found a staircase to the Orcish Mines.
 19354 | D:11     | XOM: god gift: 42 gold pieces
 19394 | D:11     | Found Utyo's Assorted Antiques.
 19407 | D:11     | Bought a scroll of teleportation for 90 gold pieces
 19407 | D:11     | Bought a scroll labelled GOULOE CEIMMITOS for 30 gold
                  | pieces
 19407 | D:11     | Bought an emerald potion for 27 gold pieces
 19407 | D:11     | Bought a metallic puce potion for 27 gold pieces
 19671 | Orc:1    | Entered Level 1 of the Orcish Mines
 19671 | Orc:1    | Noticed Harold
 19693 | Orc:1    | Killed Harold
 19857 | Orc:2    | Entered Level 2 of the Orcish Mines
 19903 | Orc:2    | Found Zuedghus's Assorted Antiques.
 19903 | Orc:2    | Found Lahusip's Antique Weapon Boutique.
 19908 | Orc:2    | Reached skill level 5 in Shapeshifting
 19988 | Orc:2    | Found Jucwup's Magic Scroll Boutique.
 19991 | Orc:2    | Found Domyaqod's Jewellery Emporium.
 19998 | Orc:2    | Bought a scroll of enchant weapon for 157 gold pieces
 19998 | Orc:2    | Bought a scroll labelled GOULOE CEIMMITOS for 21 gold
                  | pieces
 20008 | Orc:2    | Bought a scroll of enchant weapon for 105 gold pieces
 20008 | Orc:2    | Bought a scroll of identify for 28 gold pieces
 20014 | Orc:2    | Bought the amulet of Vitality {RegenMP++ Regen++} for 1800
                  | gold pieces
 20014 | Orc:2    | Found the amulet of Vitality {RegenMP++ Regen++}
 20062 | Orc:2    | XOM: divine lightning
 20085 | Orc:2    | Found Paufaum's Book Emporium.
 20142 | Orc:2    | Found Bekaurim's Weapon Shoppe.
 20155 | Orc:2    | Found Kaut's Magic Scroll Emporium.
 20183 | Orc:2    | Bought a scroll of teleportation for 36 gold pieces
 20183 | Orc:2    | Bought a scroll of silence for 114 gold pieces
 20183 | Orc:2    | Bought a scroll of enchant armour for 90 gold pieces
 20183 | Orc:2    | Bought a scroll of enchant weapon for 90 gold pieces
 20193 | Orc:2    | Found a staircase to the Elven Halls.
 20223 | Orc:2    | Found Soemiwkera's Jewellery Boutique.
 20444 | D:10     | XOM: god gift: 383 gold pieces
 20530 | Snake:1  | Entered Level 1 of the Snake Pit
 20530 | Snake:1  | Noticed Kirke
 20536 | Snake:1  | XOM: summons friendly quasit
 20539 | Snake:1  | Killed Kirke
 20612 | Snake:1  | XOM: scenery: summon butterflies
 20752 | Snake:1  | XOM: smoke on damage
 20836 | Snake:1  | You are sucked into a shaft and drop 1 floor!
 20836 | Snake:2  | XOM: stealth player
 20849 | Snake:2  | XOM: polymorph naga warrior -> shapeshifter
 20869 | Snake:2  | Reached skill level 10 in Spellcasting
 20869 | Snake:2  | Reached skill level 10 in Conjurations
 20869 | Snake:2  | Reached skill level 10 in Hexes
 20869 | Snake:2  | Reached skill level 10 in Summonings
 20869 | Snake:2  | Reached skill level 10 in Necromancy
 20869 | Snake:2  | Reached skill level 10 in Translocations
 20869 | Snake:2  | Reached skill level 10 in Transmutations
 20869 | Snake:2  | Reached skill level 10 in Fire Magic
 20869 | Snake:2  | Reached skill level 10 in Ice Magic
 20869 | Snake:2  | Reached skill level 10 in Air Magic
 20869 | Snake:2  | Reached skill level 10 in Earth Magic
 20869 | Snake:2  | Reached skill level 10 in Poison Magic
 20870 | Snake:2  | XOM: divination: detect items
 20871 | Snake:2  | XOM: chaos upgrade
 20872 | Snake:2  | XOM: noise
 20879 | Snake:2  | XOM: silly message
 20890 | Snake:2  | Reached XP level 17. HP: 23/133 MP: 0/0
 20890 | Snake:2  | Learned a level 7 spell: Malign Gateway
 20899 | Snake:2  | XOM: polymorph naga ritualist -> komodo dragon
 20985 | Snake:1  | XOM: enchant monster (good)
 21089 | Snake:1  | XOM: potion effect (invisibility)
 21319 | Snake:1  | Reached skill level 13 in Long Blades
 21319 | Snake:1  | Reached skill level 10 in Shields
 21363 | Snake:1  | Found Usounag's General Store.
 21367 | Snake:1  | Found Joxagep's Specific Store.
 21437 | Snake:1  | XOM: cloud trail
 21580 | Snake:1  | Found Kymiat's Book Shoppe.
 21581 | Snake:1  | Found Luikinud's Jewellery Shop.
 21582 | Snake:1  | Found Nimnea's Book Shoppe.
 21900 | Snake:2  | XOM: potion effect (attraction)
 21973 | Snake:2  | XOM: noise
 21977 | Snake:2  | XOM: potion effect (attraction)
 21984 | Snake:2  | XOM: 1-stop teleportation journey
 22055 | Snake:2  | Found a runed translucent gate.
 22055 | Snake:2  | Found a runed translucent gate.
 22055 | Snake:2  | Found a runed translucent gate.
 22693 | Snake:3  | XOM: divination: detect creatures
 22727 | Snake:3  | Identified the +9 great sword of Owka {freeze, Int+4}
 22799 | Snake:3  | XOM: confusion
 22911 | Snake:3  | XOM: give mutation
 22911 | Snake:3  | Lost mutation: You are robust. (+10% HP) [Xom's mischief]
 22961 | Snake:3  | XOM: give mutation
 22961 | Snake:3  | Lost mutation: You are partially covered in large bone
                  | plates. (SH +4) [Xom's mischief]
 23142 | Snake:3  | XOM: silly message
 23269 | Snake:3  | XOM: summons 1 hostile demon
 23913 | Snake:4  | Entered Level 4 of the Snake Pit
 23917 | Snake:4  | XOM: noise
 24111 | Snake:4  | XOM: fog
 24119 | Snake:4  | XOM: scenery: summon butterflies
 24123 | Snake:3  | HP: 8/184 [salamander tyrant (6)]
 24123 | Snake:3  | Slain by a salamander tyrant

Illustrated notes

Levels and vault maps discovered:
D:1:      minmay_arrival_stone_box, layout_basic, basic_ecumenical_altar
D:2:      layout_basic
D:3:      layout_loops_ring, amcnicky_altar_lugonu_corruption
D:4:      layout_rooms, minmay_temple_entry_waves, minmay_fountain_box
D:5:      layout_rooms, nemelex_diamond_rough_becter, uniq_eustachio,
          uniq_crazy_yiuf_cottage
D:6:      layout_gridville, xom_redecorated, mainiacjoe_overflow_catwalk,
          enter_ossuary_3, minmay_a_box_with_orc_wizards_in_it
D:7:      minmay_the_grid_square_5x5_3x3 [minmay_the_grid_square_5x5_z,
          minmay_the_grid_square_5x5_inner_v, minmay_the_grid_square_5x5_bite,
          minmay_the_grid_square_5x5_tie,
          minmay_the_grid_square_5x5_megaprize_diamond,
          minmay_the_grid_square_5x5_six, minmay_the_grid_square_5x5_longway,
          minmay_the_grid_square_5x5_empty, minmay_the_grid_square_5x5_three],
          layout_basic, lemuel_round_altar, grunt_qazlal_sundering,
          elyvilon_altar_1, uniq_joseph
D:8:      layout_rooms, amcnicky_altar_gilded, serial_shops, shop_statue,
          hangedman_decor_peaks_small, uniq_jeremiah, uniq_maurice, uniq_erica
D:9:      layout_stronghold, minivault_25
D:10:     layout_stronghold, hellmonk_lair_entry_icy
D:11:     layout_basic, orc_0_dummy, serial_shops, nicolae_shop_window_shopping
Lair:1:   layout_cellular_growth
Lair:2:   nzn_winding_woodlands_stair_cross [nzn_winding_woodlands_5x15_garden,
          nzn_winding_woodlands_center_diamonds,
          nzn_winding_woodlands_5x15_crooked, nzn_winding_woodlands_hourglass,
          nzn_winding_woodlands_5x5_checkerboard,
          nzn_winding_woodlands_5x15_longhouse,
          nzn_winding_woodlands_center_pierced_h,
          nzn_winding_woodlands_5x15_pool], layout_loops_ring,
          minmay_swamp_entry_worms, guppyfry_snake_entry_island
Lair:3:   layout_loops_ring, kennysheep_abandoned_house, grunt_megastairs_4,
          serial_bayou_shore_b
Lair:4:   layout_gridlike, serial_bayou_shore_a
Lair:5:   gammafunk_lair_ancient_temple, layout_misc_corridors,
          minmay_slime_entry_oklob_open, gauntlet_entry_generic,
          hangedman_lair_generics_rect
Snake:1:  layout_chambers, grunt_ministairs_10, nicolae_specific_store,
          minmay_shop_grove, grunt_megastairs_2, uniq_kirke
Snake:2:  layout_onion, nicolae_snake_horde_hoard
Snake:3:  layout_chambers, drop_trap, st_stairs_7, nicolae_snake_salamander_fort
Snake:4:  hellmonk_snake_rune_quicksilver_temple, layout_rooms
Orc:1:    layout_caves, uniq_harold
Orc:2:    st_orc_elflike, layout_diamond_mine, serial_shops,
          nicolae_shop_peninsula, shop, shop, nicolae_shop_bloodbath_and_beyond

Skill      XL: |  1  2  3  4  5  6  7  8  9 10 11 12 13 14 15 16 17 |
---------------+----------------------------------------------------+-----
Long Blades    | 3 4 5 6 7 8 10 11 12 13 | 13.3
Spellcasting   | 1 2 3 5 6 7 8 9 10 | 10.4
Conjurations   | 1 2 3 5 6 7 8 9 10 | 10.4
Hexes          | 1 2 3 5 6 7 8 9 10 | 10.4
Summonings     | 1 2 3 5 6 7 8 9 10 | 10.4
Necromancy     | 1 2 3 5 6 7 8 9 10 | 10.4
Translocations | 1 2 3 5 6 7 8 9 10 | 10.4
Transmutations | 1 2 3 5 6 7 8 9 10 | 10.4
Fire Magic     | 1 2 3 5 6 7 8 9 10 | 10.4
Ice Magic      | 1 2 3 5 6 7 8 9 10 | 10.4
Air Magic      | 1 2 3 5 6 7 8 9 10 | 10.4
Earth Magic    | 1 2 3 5 6 7 8 9 10 | 10.4
Poison Magic   | 1 2 3 5 6 7 8 9 10 | 10.4
Armour         | 2 3 4 5 6 7 8 9 10 11 | 11.4
Dodging        | 3 4 5 6 7 8 9 10 11 12 | 12.6
Fighting       | 4 5 6 7 8 9 10 11 | 11.8
Evocations     | 1 2 3 |  3.3
Shields        | 2 4 5 6 7 8 9 10 | 10.4
Shapeshifting  | 1 4 6 7 |  7.4

Action                     |  1- 3 |  4- 6 |  7- 9 | 10-12 | 13-15 | 16-18 || total
---------------------------+-------+-------+-------+-------+-------+-------++-------
  Melee: Falchion          |   101 |    74 |   240 |    66 |       |       ||   481
         Punch             |     1 |     1 |     3 |     2 |       |       ||     7
         Headbutt          |     2 |    16 |    59 |    34 |   165 |   117 ||   393
         Double sword      |       |       |       |   130 |   626 |   481 ||  1237
   Cast: Poisonous Vapours |       |     5 |    19 |    18 |     3 |       ||    45
         Inner Flame       |       |       |     8 |    15 |    10 |     1 ||    34
         Jinxbite          |       |       |     1 |       |       |       ||     1
         Arcjolt           |       |       |       |       |     1 |       ||     1
  Evoke: Wand              |       |       |       |       |     3 |       ||     3
    Use: Scroll            |       |       |     4 |     1 |    14 |     7 ||    26
         Potion            |       |       |       |     1 |       |     2 ||     3
   Stab: Sleeping          |     3 |     4 |     3 |     1 |     2 |     2 ||    15
         Confused          |       |     1 |     1 |     1 |     5 |       ||     8
         Invisible         |       |       |     5 |       |       |     1 ||     6
         Paralysed         |       |       |     1 |       |       |       ||     1
         Petrified         |       |       |     1 |       |       |       ||     1
         Distracted        |       |       |       |       |     1 |     3 ||     4
 Armour: Leather armour    |    58 |    12 |       |       |       |       ||    70
         Steam dragon scal |       |     9 |    81 |    92 |   173 |       ||   355
         Ring mail         |       |       |       |       |    72 |   181 ||   253
  Dodge: Dodged            |    76 |    45 |   210 |   144 |   463 |   328 ||  1266
  Block: Other             |       |    11 |    40 |    23 |     8 |       ||    82
         Reflection        |       |       |       |     1 |     6 |    13 ||    20
         Kite shield       |       |       |       |       |   690 |   607 ||  1297

Table legend: (Time is in decaauts)
 A = Elapsed time spent in this place.
 B = Non-inter-level travel time spent in this place.
 C = Inter-level travel time spent in this place.
 D = Time resting spent in this place.
 E = Time spent auto-exploring this place.
 F = Levels seen in this place.
 G = Mean time per level.
                   A        B        C        D        E       F      G
               +--------+--------+--------+--------+--------+-----+--------+
         Total |  24315 |  23327 |    988 |   4753 |  14081 |  24 | 1013.1 |
       Dungeon |  12943 |  12433 |    510 |   3766 |   6842 |  11 | 1176.6 |
          Lair |   6057 |   5742 |    315 |    620 |   3803 |   5 | 1211.4 |
     Snake Pit |   3600 |   3474 |    126 |    366 |   2449 |   4 |  900.0 |
  Orcish Mines |    734 |    699 |     35 |      0 |    513 |   2 |  367.0 |
       Ossuary |    322 |    322 |      0 |      0 |    238 |   1 |  322.0 |
      Gauntlet |    658 |    658 |      0 |      0 |    236 |   1 |  658.0 |
               +--------+--------+--------+--------+--------+-----+--------+

Top non-repeatable levels by time:
     D:1: 3493 daAuts
  Lair:2: 1732 daAuts
     D:7: 1633 daAuts
  Lair:4: 1418 daAuts
 Snake:3: 1413 daAuts
 Snake:1: 1306 daAuts
  Lair:1: 1189 daAuts
     D:9: 1147 daAuts
     D:6: 944 daAuts
     D:8: 940 daAuts
     D:2: 940 daAuts
    D:10: 881 daAuts
    D:11: 879 daAuts
  Lair:3: 875 daAuts
 Snake:2: 855 daAuts
